 Dungeon Crawl Stone Soup version 0.31.0-11-ge490571c62 (webtiles) character file.

Game seed: 15138850773399721464

23 qw the Shooter (level 2, 0/14 HPs)
             Began as a Spriggan Hunter on Feb 4, 2024.
             Succumbed to their own poison gas
             ... on level 1 of the Dungeon.
             The game lasted 00:00:01 (825 turns).

qw the Shooter (Spriggan Hunter)                     Turns: 825, Time: 00:00:02

Health: 0/14       AC:  2    Str:  7    XL:     2   Next: 75%
Magic:  3/3        EV: 19    Int: 10    God:
Gold:   38         SH:  0    Dex: 18    Spells: 1/1 levels left

rFire   . . .        a - +0 shortbow
rCold   . . .        (shield currently unavailable)
rNeg    . . .        c - +0 robe
rPois   .            (helmet restricted)
rElec   .            (no cloak)
rCorr   .            (gloves unavailable)
SInv    +            (boots unavailable)
Will    .....        (no amulet)
Stlth   ++           (no ring)
HPRegen 0.22/turn    (no ring)
MPRegen 0.08/turn

%: no passive effects
@: lethally poisoned (0 -> -1), very quick
A: very small, no large weapons, unfitting armour, see invisible, speed 3
a: no special abilities


You were on level 1 of the Dungeon.
You visited 1 branch of the dungeon, and saw 1 of its levels.

You collected 38 gold pieces.


Innate Abilities, Weirdness & Mutations

You are very small and have problems with some larger weapons.
You are too small for most types of armour.
You have supernaturally acute eyesight. (SInv)
You cover ground extremely quickly. (Speed+++)


   Skills:
 - Level 1.5 Fighting
 + Level 4.3 Ranged Weapons
 - Level 4.0 Dodging
 - Level 1.5 Stealth


You had one spell level left.
You didn't know any spells.
Your spell library was empty.

Inventory:

Hand Weapons
 a - a +0 shortbow (weapon)
Armour
 c - a +0 robe (worn)
Scrolls
 g - a scroll of identify

Dungeon Overview and Level Annotations

Branches:
Dungeon (1/15)

Altars:


Message History

You are poisoned.
You feel sick.
811 ||| Stepping ~*~*~tactically~*~*~ (cloud).
You feel sick.
Things that are here:
2 scrolls of poison; a scroll of butterflies
812 ||| DRINKING 2 potions of curing.
You feel better.
812 ||| (to cure poison)
You are engulfed in poison gas.
You are lethally poisoned!
You feel very sick.
814 ||| Stepping ~*~*~tactically~*~*~ (cloud).
You feel sick.
Things that are here:
2 scrolls of poison; a scroll of butterflies
815 ||| DRINKING potion of curing.
You feel better.
815 ||| (to cure poison)
You are engulfed in poison gas.
You are lethally poisoned!
You feel very sick.
817 ||| Stepping ~*~*~tactically~*~*~ (cloud).
You feel sick.
Things that are here:
2 scrolls of poison; a scroll of butterflies
There is a lethal amount of poison in your body!
You feel very sick.
There is a lethal amount of poison in your body!
You feel sick.
There is a lethal amount of poison in your body!
You feel sick.
There is a lethal amount of poison in your body!
You feel sick.
There is a lethal amount of poison in your body!
You feel sick.
There is a lethal amount of poison in your body!
You feel sick.
There is a lethal amount of poison in your body!
You feel sick.
There is a lethal amount of poison in your body!
You die...

....####...# #...# #...#.##
.%.........#####0..# #...#..#
.........).........#######...#..#
######.......0...............##.#
#...#####...0....<......##.#
#...# #..0####........##.# #...#
#..0# #...##...##.#
######...#####0.0####...##...##.#
..........0.....@..000.......##.#
..............00.0..0.0......#..#
##############################..#
.....##..................# #.##
.#..###................### #>#
..%.# #.####.####.#.....######.#
.#..# #.# #.# #.).............##
##..# #.# #.# #.##.....####.....
##..# #.# #.# #.###...## #.#.##


There were no monsters in sight!

Vanquished Creatures
  A dart slug (D:1)
  An endoplasm (D:1)
  2 giant cockroaches (D:1)
  A goblin (D:1)
  2 hobgoblins (D:1)
  2 quokkas (D:1)
  3 ball pythons (D:1)
  4 bats (D:1)
  A frilled lizard (D:1)
  A kobold (D:1)
  4 rats (D:1)
22 creatures vanquished.

Notes
Turn   | Place    | Note
-------+----------+-------------------------------------------
     0 | D:1      | qw the Spriggan Hunter began the quest for the Orb.
     0 | D:1      | Reached XP level 1. HP: 10/10 MP: 2/2
     0 | D:1      | 0 ||| qw: Version: 0.3-a-160-g6735b56
     0 | D:1      | 0 ||| qw: Game counter: 5182
     0 | D:1      | 0 ||| qw: Melee chars always use a shield: true
     0 | D:1      | 0 ||| qw: God list: Okawaru
     0 | D:1      | 0 ||| qw: Allow faded altars: false
     0 | D:1      | 0 ||| qw: Do Orc after clearing Dungeon:15 true
     0 | D:1      | 0 ||| qw: Do second Lair branch before Depths: true
     0 | D:1      | 0 ||| qw: Lair rune preference: random
     0 | D:1      | 0 ||| qw: Goals: Normal
     0 | D:1      | 0 ||| PLANNING D:1-11
    51 | D:1      | Reached skill level 3 in Dodging
   158 | D:1      | Reached XP level 2. HP: 14/14 MP: 3/3
   805 | D:1      | 805 ||| READING scroll labelled LEBO ATWI EFIR.
   806 | D:1      | 806 ||| READING 3 scrolls labelled DUGOETWIXAP.
   807 | D:1      | 807 ||| READING 2 scrolls labelled TEGADW POMYPPO.
   807 | D:1      | 807 ||| IDENTIFYING 2 inky potions
   808 | D:1      | 808 ||| DROPPING scroll of butterflies.
   809 | D:1      | 809 ||| DROPPING 2 scrolls of poison.
   811 | D:1      | 811 ||| Stepping ~*~*~tactically~*~*~ (cloud).
   812 | D:1      | 812 ||| DRINKING 2 potions of curing.
   812 | D:1      | 812 ||| (to cure poison)
   814 | D:1      | 814 ||| Stepping ~*~*~tactically~*~*~ (cloud).
   815 | D:1      | 815 ||| DRINKING potion of curing.
   815 | D:1      | 815 ||| (to cure poison)
   817 | D:1      | 817 ||| Stepping ~*~*~tactically~*~*~ (cloud).
   821 | D:1      | HP: 3/14 [poisoned by you (poison gas)]
   824 | D:1      | HP: 1/14 [poisoned by you (poison gas)]
   825 | D:1      | Succumbed to their own poison gas

Levels and vault maps discovered:
D:1:      dpeg_arrival_boxorama, layout_loops_ring

Skill      XL: |  1  2 |
---------------+-------+-----
Dodging        | 3 4 |  4.0
Fighting       | |  1.5
Ranged Weapons | |  4.3
Stealth        | |  1.5

Action                     || total
---------------------------++-------
   Fire: Shortbow          ||    42
    Use: Scroll            ||     3
         Potion            ||     2
  Dodge: Dodged            ||     8

Table legend:
 A = Non-vault XP
 B = Vault XP
 C = Vault XP percentage of total XP
 D = Non-vault monster count
 E = Vault monster count
 F = Vault count percentage of total count
                 A         B        C        D         E       F
            +---------+---------+-------+---------+---------+-------
      Total |      34 |       0 |   0.0 |      22 |       0 |   0.0
            +---------+---------+-------+---------+---------+-------
        D:1 |      34 |       0 |   0.0 |      22 |       0 |   0.0
            +---------+---------+-------+---------+---------+-------
